 Dungeon Crawl Stone Soup version 0.23-a0-644-gb60d84b (webtiles) character file.

6946 TheGoonsmith the Cleaver (level 10, 0/93 HPs)
             Began as a Minotaur Berserker on Jan 1, 2019.
             Was a High Priest of Trog.
             Slain by a red ugly thing (12 damage)
             ... on level 9 of the Dungeon.
             The game lasted 00:15:43 (7171 turns).

TheGoonsmith the Cleaver (Minotaur Berserker)       Turns: 7171, Time: 00:15:43

Health: 0/93       AC: 10    Str: 25    XL:     10   Next: 80%
Magic:  0/3        EV: 12    Int:  7    God:    Trog [*****.]
Gold:   461        SH:  0    Dex: 12    Spells: 9/9 levels left

rFire    . . .     SeeInvis .   L - +2 battleaxe (antimagic)
rCold    . . .     Gourm    .   (shield currently unavailable)
rNeg     . . .     Faith    .   g - +1 scale mail
rPois    .         Spirit   +   (helmet restricted)
rElec    .         Reflect  .   y - scarf {Spirit}
rCorr    .         Harm     .   (no gloves)
MR       +....                  A - +0 pair of boots
Stlth    +.........             (no amulet)
HPRegen  0.25/turn              v - ring of protection from magic
MPRegen  0.08/turn              I - ring of Hammiung {Wiz Str+2 Int+3 Stlth+}

@: about to teleport
A: retaliatory headbutt, horns 2
a: Berserk, Trog's Hand, Brothers in Arms, Renounce Religion


You were on level 9 of the Dungeon.
You worshipped Trog.
Trog was extremely pleased with you.
You were not hungry.

You visited 1 branch of the dungeon, and saw 9 of its levels.
You also visited: Sewer.

You collected 461 gold pieces.

Inventory:

Hand Weapons
 a - a +0 hand axe
 e - a +3 war axe of freezing
 K - a +0 battleaxe
 L - a +2 antimagic battleaxe (weapon)
Missiles
 d - 15 javelins
 f - 10 tomahawks (quivered)
 p - 148 arrows
 q - 4 throwing nets
 C - 4 needles of confusion
 D - 6 curare-tipped needles
 H - 7 needles of frenzy
 M - 20 poisoned needles
Armour
 b - a +0 animal skin
 g - a +1 scale mail (worn)
 y - a scarf of spirit shield (worn)
 A - a +0 pair of boots (worn)
Jewellery
 v - a ring of protection from magic (left hand)
 I - the ring of Hammiung (right hand) {Wiz Str+2 Int+3 Stlth+}
   (You found it on level 6 of the Dungeon)

   [ring of wizardry]

   It improves your spell success rate.
   It affects your strength (+2).
   It affects your intelligence (+3).
   It makes you more stealthy.
Wands
 s - a wand of polymorph (8)
 u - a wand of paralysis (9)
 z - a wand of flame (23)
 F - a wand of iceblast (8)
Scrolls
 h - 7 scrolls of teleportation
 i - 4 scrolls of remove curse
 o - 3 scrolls of amnesia
 r - a scroll of identify
 B - a scroll of enchant weapon
 N - a scroll of magic mapping
Potions
 j - 2 potions of agility
 k - 8 potions of curing
 l - 7 potions of flight
 m - 3 potions of mutation
 n - 2 potions of invisibility
 t - a potion of might {unknown}
 w - 2 potions of haste {unknown}
 x - a potion of degeneration {unknown}
 E - 4 potions of heal wounds {unknown}
 G - 3 potions of brilliance {unknown}
 J - a potion of magic {unknown}
Comestibles
 c - 13 rations


   Skills:
 - Level 10.0 Fighting
 + Level 13.5 Axes
 - Level 4.3 Throwing
 + Level 9.3 Armour
 - Level 4.0 Dodging


You had 9 spell levels left.
You didn't know any spells.
Your spell library was empty.

Dungeon Overview and Level Annotations

Branches:
Dungeon (9/15)             Temple (0/1) D:4
   Lair: D:8-11         Orc: D:9-12

Altars:
Ashenzari
Nemelex Xobeh
Okawaru
Sif Muna
Trog
Wu Jian
Yredelemnul
The Shining One

Annotations:
D:8 1 runed door


Innate Abilities, Weirdness & Mutations

You reflexively headbutt those who attack you in melee.
You have a pair of horns on your head.


Message History

You are engulfed in flames!!
The crimson imp closely misses you.
You barely miss the red ugly thing.
The red ugly thing is lightly wounded.
You closely miss the crimson imp. You closely miss the bullfrog.
The bullfrog hits you but does no damage.
The red ugly thing punches you.
You are engulfed in flames!!
The bullfrog barely misses you.
The crimson imp hits you but does no damage.
The bullfrog hits you but does no damage.
The red ugly thing punches you!
You are engulfed in flames!
* * * LOW HITPOINT WARNING * * *
The hound skeleton bites you.
* * * LOW HITPOINT WARNING * * *
Unknown command.
Okay, then.
As you read the scroll of teleportation, it crumbles to dust.
You feel strangely unstable. The bullfrog hits you.
* * * LOW HITPOINT WARNING * * *
The red ugly thing punches you!
You die...

#####...#..#
.#...#
...........#
...... .
###.......###.....
....
#....###......##
#... #.....
#........# ...
(...#. #..#..#.?#
#. #...##
####..#### #. ...
#..#..#..# $.#.
#.....@u.# ....
##....FZ## #...
....###.5?Y...#
...# .....
#.........# .
#..#. #..#s}.#..#
#.. ####.⌠.# ## #.
.}.# .... .....


You could see a red ugly thing, an ice beast, a bullfrog, a scorpion, a crimson
imp and a hound skeleton.

Vanquished Creatures
  A centaur warrior (D:9)
  A deep elf mage (D:9)
  Prince Ribbit (D:5)
  Sigmund (D:2)
  A wyvern (D:8)
  A hungry ghost (D:7)
  2 water moccasins
  2 orc warriors
  5 ice beasts
  A black bear (D:8)
  3 phantoms
  2 sky beasts (D:6)
  5 centaurs
  A necrophage (D:8)
  8 ogres
  A big kobold (Sewer)
  Blork the orc (D:4)
  2 bullfrogs
  5 scorpions
  4 killer bees (D:6)
  2 crimson imps
  4 bullfrog zombies
  2 quasits
  5 hounds
  2 jellies
  5 orc priests
  2 centaur zombies
  3 bullfrog skeletons
  3 centaur skeletons
  Ijyb (D:3)
  Terence (D:2)
  2 iguanas (D:5)
  10 orc wizards
  11 worker ants
  A hound zombie (D:7)
  A mummy (D:6)
  A worker ant zombie (D:6)
  16 gnolls
  A howler monkey skeleton (D:4)
  3 river rats
  10 adders
  2 shadow imps
  2 oozes
  3 adder zombies
  4 worms
  2 dart slugs (D:1)
  4 leopard geckos
  28 orcs
  5 bats
  13 giant cockroaches
  8 goblins
  13 hobgoblins
  23 jackals
  5 kobolds
  5 quokkas
  3 ball pythons
  7 frilled lizards
  A giant cockroach zombie (D:5)
  A kobold zombie (D:6)
  A leopard gecko zombie (D:6)
  3 orc zombies (D:6)
  A quokka zombie (D:6)
  14 rats
282 creatures vanquished.

Notes
Turn   | Place    | Note
-------+----------+-------------------------------------------
     0 | D:1      | TheGoonsmith the Minotaur Berserker began the quest for the
                  | Orb.
     0 | D:1      | Reached XP level 1. HP: 19/19 MP: 0/0
   101 | D:1      | Reached XP level 2. HP: 23/27 MP: 1/1
   119 | D:1      | Reached skill level 4 in Axes
   137 | D:1      | Reached ** piety under Trog
   328 | D:1      | Reached XP level 3. HP: 24/33 MP: 2/2
   498 | D:2      | Found a glowing golden altar of the Shining One.
   518 | D:2      | Noticed Terence
   522 | D:2      | Killed Terence
   587 | D:2      | Noticed Sigmund
   648 | D:2      | Reached XP level 4. HP: 40/40 MP: 3/3
   732 | D:2      | Reached skill level 5 in Axes
   777 | D:2      | Noticed an ogre
   791 | D:2      | Killed an ogre
   791 | D:2      | Reached XP level 5. HP: 47/47 MP: 4/4
  1456 | D:2      | Killed Sigmund
  1456 | D:2      | Reached skill level 5 in Fighting
  1456 | D:2      | Reached skill level 6 in Axes
  1456 | D:2      | Reached XP level 6. HP: 56/56 MP: 5/5
  1690 | D:3      | Found a shattered altar of Ashenzari.
  1787 | D:3      | Reached *** piety under Trog
  1906 | D:3      | Noticed Ijyb
  1923 | D:3      | Killed Ijyb
  2349 | D:4      | Reached XP level 7. HP: 34/61 MP: 6/6
  2386 | D:4      | Reached skill level 7 in Axes
  2491 | D:4      | Reached skill level 5 in Armour
  2692 | D:4      | Reached **** piety under Trog
  3028 | D:4      | Noticed Blork the orc
  3039 | D:4      | Killed Blork the orc
  3092 | D:4      | Found a staircase to the Ecumenical Temple.
  3197 | D:5      | Entered Level 5 of the Dungeon
  3203 | D:5      | Reached skill level 8 in Axes
  3326 | D:5      | Reached XP level 8. HP: 61/70 MP: 7/7
  3351 | D:5      | Reached skill level 1 in Throwing
  3357 | D:5      | Reached skill level 9 in Axes
  3579 | D:5      | Noticed Prince Ribbit
  3603 | D:5      | Killed Prince Ribbit
  4062 | D:6      | Found an ornate altar of the Wu Jian Council.
  4069 | D:6      | Reached skill level 10 in Axes
  4078 | D:6      | Reached XP level 9. HP: 72/78 MP: 5/8
  4116 | D:6      | Found a deep blue altar of Sif Muna.
  4172 | D:6      | Reached ***** piety under Trog
  4231 | D:6      | Found a bloodstained altar of Trog.
  4231 | D:6      | Found a basalt altar of Yredelemnul.
  4314 | D:6      | Found a glowing drain.
  4318 | D:6      | Received a gift from Trog
  4325 | Sewer    | Entered a sewer
  4568 | Sewer    | Found a white marble altar of Elyvilon.
  4833 | D:6      | Reached skill level 11 in Axes
  4907 | D:6      | Received a gift from Trog
  4938 | D:6      | Got a sparkling bone ring
  5013 | D:6      | Found a sparkling altar of Nemelex Xobeh.
  5014 | D:6      | Found an iron altar of Okawaru.
  5216 | D:7      | Reached skill level 12 in Axes
  5226 | D:7      | Identified the ring of Hammiung {Wiz Str+2 Int+3 Stlth+}
                  | (You found it on level 6 of the Dungeon)
  5373 | D:7      | Reached XP level 10. HP: 83/93 MP: 9/9
  5390 | D:7      | Reached skill level 10 in Fighting
  5671 | D:8      | Found a runed door.
  5689 | D:8      | Found a runed door.
  5793 | D:8      | Received a gift from Trog
  6782 | D:9      | Reached skill level 13 in Axes
  6784 | D:9      | Noticed a centaur warrior
  6789 | D:9      | Noticed a deep elf mage
  6795 | D:9      | Killed a centaur warrior
  6798 | D:9      | Killed a deep elf mage
  7165 | D:9      | Noticed a red ugly thing
  7171 | D:9      | Slain by a red ugly thing

Vault maps used:
D:1:      dpeg_arrival_pits, serial_glass, glass_columns_c, glass_columns_a,
          item_on_display_a, chequers_hall_statues_wall_a
D:2:      chequers_garden, nicolae_tso_swordbearing_angel, uniq_sigmund,
          uniq_terence
D:3:      nicolae_overflow_crystal_walls, uniq_ijyb
D:4:      minmay_temple_entry_trees, sigmund_army, uniq_blork_the_orc
D:5:      first_ration, water_maze_lemuel, uniq_prince_ribbit1
D:6:      minmay_octagon_keep, led_sif_pool, minitemple, portal_sewer_entry_e,
          basic_altar, serial_bayou_pond_a, minmay_mini_ossuary
D:7:      lemuel_ice_spiral_2
D:8:      lemuel_insect_pit, grunt_ogre_cave, kennysheep_path_1
D:9:      hangedman_cross_cluster, orc_0_dummy, serial_glass, glass_columns_b,
          glass_columns_b, glass_columns_a, glass_columns_a,
          mrwooster_statue_mirror, hangedman_corner_corridor
Sewer:    sewer_kobolds

Skill      XL: |  1  2  3  4  5  6  7  8  9 10 |
---------------+-------------------------------+-----
Axes           | 4 5 6 8 10 12 13 | 13.5
Fighting       | 4 5 6 9 10 | 10.0
Armour         | 3 4 5 6 9 |  9.3
Dodging        | 3 4 |  4.0
Throwing       | 4 |  4.3

Action                   |  1- 3 |  4- 6 |  7- 9 | 10-12 || total
-------------------------+-------+-------+-------+-------++-------
Melee: Hand axe          |    57 |   100 |    13 |       ||   170
       Headbutt          |     6 |    15 |    48 |    36 ||   105
       Unarmed           |       |     8 |       |       ||     8
       War axe           |       |       |   255 |    47 ||   302
       Battleaxe         |       |       |       |    99 ||    99
Throw: Tomahawk          |       |       |     3 |       ||     3
Invok: Berserk           |     2 |     2 |     6 |       ||    10
       Trog's Hand       |       |     1 |     2 |       ||     3
  Use: Scroll            |       |     9 |     8 |     1 ||    18
       Potion            |       |       |     2 |       ||     2
  Eat: Chunk             |       |     7 |    12 |     6 ||    25
       Ration            |       |       |     2 |       ||     2
Armor: Animal skin       |    11 |       |       |       ||    11
       Scale mail        |     2 |    30 |   109 |    60 ||   201
Dodge: Dodged            |    44 |    49 |   175 |   107 ||   375

Table legend:
 A = Non-vault XP
 B = Vault XP
 C = Vault XP percentage of total XP
 D = Non-vault monster count
 E = Vault monster count
 F = Vault count percentage of total count
                 A         B        C        D         E       F
            +---------+---------+-------+---------+---------+-------
      Total |    6190 |    3734 |  37.6 |     219 |      63 |  22.3
            +---------+---------+-------+---------+---------+-------
        D:1 |      49 |       0 |   0.0 |      27 |       0 |   0.0
        D:2 |     208 |     259 |  55.5 |      16 |       2 |  11.1
        D:3 |      92 |      36 |  28.1 |      24 |       1 |   4.0
        D:4 |     491 |     108 |  18.0 |      31 |       7 |  18.4
        D:5 |     684 |     286 |  29.5 |      29 |       1 |   3.3
        D:6 |    1505 |     765 |  33.7 |      34 |      22 |  39.3
        D:7 |    1280 |       0 |   0.0 |      20 |       0 |   0.0
        D:8 |    1491 |     302 |  16.8 |      25 |      12 |  32.4
        D:9 |     390 |    1841 |  82.5 |      13 |       8 |  38.1
      Sewer |       0 |     137 | 100.0 |       0 |      10 | 100.0
            +---------+---------+-------+---------+---------+-------
